 Dungeon Crawl Stone Soup version 0.19.0-2-gae57169 (webtiles) character file.

56 dvd the Stinger (level 3, -3/21 HPs)
             Began as an Octopode Venom Mage on Nov 6, 2016.
             Was an Initiate of Ru.
             Slain by Grinder (9 damage)
             ... while paralysed by Grinder
             ... on level 3 of the Dungeon.
             The game lasted 00:04:33 (1604 turns).

dvd the Stinger (Octopode Venom Mage)               Turns: 1604, Time: 00:04:33

Health: -3/21      AC:  1    Str:  7    XL:     3   Next: 95%
Magic:  6/6        EV:  2    Int: 18    God:    Ru [......]
Gold:   104        SH:  0    Dex: 12    Spells: 2 memorised, 2 levels left

rFire  . . .     SeeInvis .     a - +2 dagger (speed)
rCold  . . .     Gourm    .     (no shield)
rNeg   . . .     Faith    .     (helmet restricted)
rPois  +         Spirit   .     (no amulet)
rElec  .         Reflect  .     f - ring of poison resistance
rCorr  .         Harm     .     n - ring of flight
MR     .....                    (no ring)
Stlth  +++.......               (no ring)
                                (no ring)
                                (no ring)
                                (no ring)
                                (no ring)

@: paralysed
A: almost no armour, stealthy swim, amphibious, 8 rings, constrict 8, camouflage
1, gelatinous body 1
a: Renounce Religion, Evoke Flight


You were on level 3 of the Dungeon.
You worshipped Ru.
Ru was noncommittal.
You were not hungry.

You visited 1 branch of the dungeon, and saw 3 of its levels.

You collected 104 gold pieces.

Inventory:

Hand Weapons
 a - a +2 dagger of speed (weapon)
Armour
 p - a +2 large shield of reflection
Jewellery
 f - a ring of poison resistance (left tentacle)
 n - a ring of flight (right tentacle)
Scrolls
 c - a scroll of amnesia {unknown}
 i - a scroll of identify {unknown}
 k - a scroll of remove curse {unknown}
 o - a scroll of teleportation {unknown}
 q - a scroll of random uselessness {unknown}
 r - a scroll of enchant armour {unknown}
Potions
 e - a potion of flight {unknown}
 h - 2 potions of curing {unknown}
 l - a potion of agility {unknown}
Books
 d - a Young Poisoner's Handbook

   Spells                             Type                      Level
   a - Sting                          Conjuration/Poison           1
   b - Mephitic Cloud                 Conjuration/Poison/Air       3
   c - Olgreb's Toxic Radiance        Poison                       4
   d - Alistair's Intoxication        Transmutation/Poison         5
   e - Venom Bolt                     Conjuration/Poison           5
Comestibles
 b - 2 bread rations
 g - a chunk of flesh
 j - a meat ration
 m - a slice of pizza


   Skills:
 + Level 2.3 Dodging
 + Level 3.1 Stealth
 * Level 0.6 Shields
 + Level 2.2 Spellcasting
 + Level 0.8 Conjurations
 + Level 5.7 Poison Magic


You had 2 spell levels left.
You knew the following spells:

 Your Spells              Type           Power        Failure   Level  Hunger
a - Sting                 Conj/Pois      ##..         6%          1    #......
b - Mephitic Cloud        Conj/Pois/Air  #.......     24%         3    ###....


Dungeon Overview and Level Annotations

Branches:
Dungeon (3/15)

Altars:
Ru
Trog

Annotations:
D:3 Grinder


Innate Abilities, Weirdness & Mutations

You cannot wear most types of armour.
You are very stealthy in the water. (Stealth+)
You are amphibious.
You can wear up to eight rings at the same time.
You can use your tentacles to constrict eight enemies at once.
Your skin changes colour to match your surroundings (Stealth+).
Your rubbery body absorbs attacks. (AC +1, EV +1)


Message History

Grinder is lightly wounded.
You hit Grinder. You grab Grinder.
Grinder is moderately wounded.
You constrict Grinder. Grinder hits you!
You barely miss Grinder.
Grinder is moderately wounded.
You constrict Grinder. Grinder hits you but does no damage.
You hit Grinder.
Grinder is moderately wounded.
You constrict Grinder. You hit Grinder.
Grinder is heavily wounded.
You constrict Grinder, but do no damage.
Grinder gestures at you.
You suddenly lose the ability to move!
You lose your grip on Grinder.
Grinder gestures at you. Pain shoots through your body!
* * * LOW HITPOINT WARNING * * *
Grinder hits you!
You die...

####.######......)#
# .....# #...#.#.#
###### #...#.#.#
#...#.#.# #.....#.#
#..####.# #.....#.#
##.##.#5# #.##.@.#
#.###### #.# ...
... ##


You could see Grinder.

Vanquished Creatures
  An adder (D:2)
  A worm (D:2)
  2 leopard geckos (D:1)
  A giant cockroach (D:1)
  3 goblins (D:1)
  4 hobgoblins
  6 jackals
  A quokka (D:2)
  3 bats
  5 frilled lizards
  8 kobolds
  4 rats
39 creatures vanquished.

Notes
Turn   | Place    | Note
-------+----------+-------------------------------------------
     0 | D:1      | dvd the Octopode Venom Mage began the quest for the Orb.
     0 | D:1      | Reached XP level 1. HP: 11/11 MP: 3/3
    86 | D:1      | Reached skill level 5 in Poison Magic
   162 | D:1      | Reached XP level 2. HP: 17/17 MP: 0/5
   675 | D:1      | Reached XP level 3. HP: 21/21 MP: 6/6
   849 | D:2      | Learned a level 3 spell: Mephitic Cloud
   971 | D:2      | Found a sacrificial altar of Ru.
   971 | D:2      | Found a bloodstained altar of Trog.
  1033 | D:2      | Became a worshipper of Ru the Awakened
  1597 | D:3      | Noticed Grinder
  1602 | D:3      | Paralysed by Grinder for 4 turns
  1604 | D:3      | Slain by Grinder

Skill      XL: |  1  2 |
---------------+-------+-----
Poison Magic   | 5 |  5.7
Stealth        | 3 |  3.1
Dodging        | |  2.3
Shields        | |  0.6
Spellcasting   | |  2.2
Conjurations   | |  0.8

Action                   || total
-------------------------++-------
Melee: Unarmed           ||     2
       Constrict         ||     8
       Dagger            ||    22
       Tentacles         ||     4
 Cast: Sting             ||    57
       Mephitic Cloud    ||     1
 Stab: Sleeping          ||     4
  Eat: Chunk             ||     3
Armor: Skin              ||     2
Dodge: Dodged            ||    14
